 Dungeon Crawl Stone Soup version bcrawl-1.34.3 (webtiles) character file.

Game seed: 12203951951486424263

179703 KristoblXynda the Slasher (level 6, -11/49 HPs)
             Began as a Demonspawn Gladiator on Oct 10, 2021.
             Mangled by an ogre
             ... wielding a +0 giant spiked club
              (22 damage)
             ... on level 3 of the Dungeon.
             The game lasted 00:05:05 (3786 turns).

KristoblXynda the Slasher (Demonspawn Gladiator)    Turns: 3786, Time: 00:05:06

Health: -11/49     AC:  4    Str: 17    XL:     6   Next: 78%
Magic:  6/6        EV: 14    Int:  9    God:
Gold:   208        SH:  2    Dex: 17    Spells: 5/5 levels left

rFire    + . .     SeeInvis .   a - +0 long sword
rCold    + . .     Gourm    .   (no shield)
rNeg     . . .     Faith    .   b - +0 leather armour
rPois    .         Spirit   .   (helmet restricted)
rElec    .         Reflect  .   p - +0 cloak
rCorr    .         Harm     .   (no gloves)
MR       .....                  (no boots)
Stlth    +.........             (no amulet)
HPRegen  0.16/turn              j - +3 ring of dexterity
MPRegen  0.10/turn              i - ring of protection from fire

@: no status effects
A: antennae 2, hooves 2, cold resistance 1
a: no special abilities


You were on level 3 of the Dungeon.
You were hungry.

You visited 1 branch of the dungeon, and saw 4 of its levels.

You collected 208 gold pieces.

Inventory:

Hand Weapons
 a - a +0 long sword (weapon)
Armour
 b - a +0 leather armour (worn)
 p - a +0 cloak (worn)
Jewellery
 i - a ring of protection from fire (right hand)
 j - a +3 ring of dexterity (left hand)
Scrolls
 c - a scroll of teleportation {unknown}
 k - a scroll of remove curse {unknown}
 o - a scroll of enchant weapon {unknown}
Potions
 g - a potion of mutation
 h - 2 potions of curing
 l - 2 potions of degeneration {unknown}
 m - 2 potions of lignification {unknown}
 n - a potion of might {unknown}
 q - a potion of brilliance {unknown}
Comestibles
 e - 4 rations {!d}
 f - 3 chunks of flesh


   Skills:
 + Level 4.6 Fighting
 * Level 5.2 Long Blades
 - Level 2.0 Throwing
 + Level 4.1 Dodging


You had 5 spell levels left.
You didn't know any spells.
Your spell library was empty.

Dungeon Overview and Level Annotations

Branches:
Dungeon (4/12)
 Temple: D:4-7

Altars:
Gozag
Makhleb
Sif Muna
Wu Jian
Xom
Zin


Innate Abilities, Weirdness & Mutations

You have a pair of antennae on your head.
You have hoof-like feet.
Your flesh is cold resistant. (rC+)


Message History

You hear a splash.
The ogre hits you with a +0 giant spiked club.
* * * LOW HITPOINT WARNING * * *
No path to travel!
Throwing (i - inventory)
d - a throwing net (quivered)
{=f}
Press: ? - help, Shift-Dir - straight line, f/p - ogre
Aim: an ogre, wielding a +0 giant spiked club You throw a throwing net {=f}.
The throwing net {=f} barely misses the ogre.
You hear a splash.
No path to travel!
Firing (i - inventory) No suitable missiles.
Press: ? - help, Shift-Dir - straight line, f/p - ogre
Aim: an ogre, wielding a +0 giant spiked club
Okay, then.
No path to travel!
You slash the ogre!
The ogre is moderately wounded.
The ogre hits you with a +0 giant spiked club!!
You die...

#..≈≈≈≈≈≈≈≈≈≈..#
#..(......≈≈.≈≈#
#....≈..≈...≈≈≈#
#.#....###.##.##
#)#...<....##.#
##.#........<#.#
#.....÷........#
#..#O#>......###
#..#@#######.#
#..#.......#.#
#..#######.#.# #..# #.#.#
######### #..# #.#.#
........#####..# #.#.#
#####.......#..#######.#.#
...##.#.###.#..........#.#
...##.#.# #.#.##.#######.#


You could see an ogre.

Vanquished Creatures
  An ogre (D:2)
  A howler monkey (D:3)
  2 orc priests (D:3)
  A hound (D:3)
  Crazy Yiuf (D:2)
  2 worker ants
  Robin (D:3)
  6 adders
  6 worms
  3 dart slugs
  5 leopard geckos
  2 orcs (D:3)
  2 ball pythons
  12 goblins
  10 hobgoblins
  6 jackals
  A quokka (D:2)
  A bat (D:2)
  2 frilled lizards (D:3)
  7 kobolds
  5 rats
77 creatures vanquished.

Notes
Turn   | Place    | Note
-------+----------+-------------------------------------------
     0 | D:1      | KristoblXynda the Demonspawn Gladiator began the quest for
                  | the Orb.
     0 | D:1      | Reached XP level 1. HP: 18/18 MP: 1/1
   127 | D:1      | Gained mutation: Your flesh is cold resistant. (rC+)
                  | [demonic ancestry]
   127 | D:1      | Reached XP level 2. HP: 18/24 MP: 2/2
   471 | D:1      | Reached skill level 3 in Long Blades
   965 | D:2      | Noticed an ogre
   987 | D:2      | Killed an ogre
   988 | D:2      | Gained mutation: You have large cloven feet. [demonic
                  | ancestry]
   988 | D:2      | Reached XP level 3. HP: 11/30 MP: 3/3
   988 | D:2      | Gained mutation: You have a pair of small antennae on your
                  | head. [demonic ancestry]
   988 | D:2      | Reached XP level 4. HP: 13/37 MP: 4/4
  1648 | D:2      | Reached skill level 4 in Long Blades
  1899 | D:2      | Found a runed door.
  1935 | D:2      | Noticed Crazy Yiuf
  1940 | D:2      | Killed Crazy Yiuf
  1941 | D:2      | Gained mutation: You have hoof-like feet. [demonic
                  | ancestry]
  1941 | D:2      | Reached XP level 5. HP: 42/42 MP: 5/5
  2177 | D:3      | Found a burning altar of Makhleb.
  2305 | D:3      | Found an ornate altar of the Wu Jian Council.
  2348 | D:3      | Found a faded altar of an unknown god.
  2576 | D:3      | Noticed Robin
  2587 | D:3      | Gained mutation: You have a pair of antennae on your head.
                  | [demonic ancestry]
  2587 | D:3      | Reached XP level 6. HP: 27/48 MP: 6/6
  2602 | D:3      | Killed Robin
  2762 | D:3      | Found a shimmering altar of Xom.
  3173 | D:3      | Reached skill level 5 in Long Blades
  3295 | D:3      | Found a glowing silver altar of Zin.
  3296 | D:3      | Found an opulent altar of Gozag.
  3618 | D:4      | Found a shimmering blue altar of Sif Muna.
  3786 | D:3      | Mangled by an ogre

Skill      XL: |  1  2  3  4  5  6 |
---------------+-------------------+-----
Throwing       | 2 |  2.0
Long Blades    | 3 4 5 |  5.2
Dodging        | 3 4 |  4.1
Fighting       | 4 |  4.6

Action                   |  1- 3 |  4- 6 || total
-------------------------+-------+-------++-------
Melee: Long sword        |    52 |   185 ||   237
       Kick              |       |    46 ||    46
Throw: Throwing net      |     2 |     2 ||     4
  Use: Scroll            |       |     4 ||     4
       Potion            |       |     5 ||     5
 Stab: Sleeping          |       |     1 ||     1
  Eat: Chunk             |     1 |    10 ||    11
       Ration            |       |     1 ||     1
Armor: Leather armour    |     5 |    43 ||    48
Dodge: Dodged            |    25 |   148 ||   173
Block: Other             |       |     6 ||     6
